 Dungeon Crawl Stone Soup version 0.30.1-11-g7821555f0a (webtiles) character file.

Game seed: 15895568151775371641

238 hawla the Firebug (level 6, -4/45 HPs)
             Began as a Meteoran Fire Elementalist on Dec 25, 2023.
             Slain by a black bear (5 damage)
             ... on level 4 of the Dungeon.
             The game lasted 00:04:31 (649 turns).

hawla the Firebug (Meteoran Fire Elementalist)       Turns: 649, Time: 00:04:31

Health: -4/45      AC:  2    Str: 11    XL:     6   Next: 54%
Magic:  4/12       EV: 12    Int: 18    God:
Gold:   88         SH:  5    Dex: 14    Spells: 5/12 levels left

rFire   . . .        i - +2 flail (holy)
rCold   . . .        (no shield)
rNeg    . . .        a - +0 robe
rPois   .            (no helmet)
rElec   .            (no cloak)
rCorr   .            (no gloves)
SInv    .            (no boots)
Will    .....        f - amulet of reflection
Stlth   +            (no ring)
HPRegen 0.27/turn    (no ring)
MPRegen 0.13/turn

%: reflection
@: about to teleport, glowing
A: sense surroundings 1, otherworldly, glowing, explore regen
a: no special abilities


You were on level 4 of the Dungeon.
You visited 1 branch of the dungeon, and saw 4 of its levels.

You collected 88 gold pieces.

Inventory:

Hand Weapons
 i - a +2 flail of holy wrath (weapon)
Armour
 a - a +0 robe (worn)
Jewellery
 f - an amulet of reflection (around neck)
Wands
 b - a wand of polymorph (10)
Scrolls
 c - a scroll of immolation
 d - a scroll of identify


   Skills:
 - Level 2.7 Dodging
 - Level 1.4 Stealth
 - Level 3.5 Spellcasting
 - Level 5.0 Conjurations
 - Level 5.0 Fire Magic
 + Level 1.8 Evocations


You had 5 spell levels left.
You knew the following spells:

 Your Spells              Type           Power      Damage    Failure   Level
a - Foxfire               Conj/Fire      84%        2x1d8     1%          1
b - Scorch                Fire           42%        2d6       3%          2
c - Flame Wave            Conj/Fire      21%        2d8       21%         4

Your spell library contained the following spells:

 Spells                   Type           Power      Damage    Failure   Level
 Momentum Strike          Conj/Tloc      24%        3d8       9%          2
 Inner Flame              Hex/Fire       12%        N/A       17%         3
 Volatile Blastmotes      Fire/Tloc      24%        2d12      17%         3
 Blink                    Tloc           6%         N/A       24%         2
 Lesser Beckoning         Tloc           6%         N/A       24%         2


Dungeon Overview and Level Annotations

Branches:
Dungeon (4/15) Zot: 1750   Temple (0/1) D:4

Altars:
Trog

Annotations:
D:4 Grinder, Sigmund


Innate Abilities, Weirdness & Mutations

You passively map a small area around you.
You are easily found by Zot.
You glow in the dark.
You regain HP and MP as you explore.


Message History

Your Evocations skill increases to level 1!
You have reached level 6!
You feel stronger.
You aren't carrying any potions.
As you read the scroll labelled IWNASMIYBO, it crumbles to dust.
It is a scroll of identify.
c - a scroll of immolation The bush is engulfed in blazing flames.
The black bear barely misses you. The black bear claws you.
* * * LOW HITPOINT WARNING * * *
The black bear claws you.
* * * LOW HITPOINT WARNING * * *
Unknown command.
The black bear attacks as you move away!
The black bear bites you.
* * * LOW HITPOINT WARNING * * *
The black bear claws you.
* * * LOW HITPOINT WARNING * * *
The black bear completely misses you. Grinder gestures at you.
You struggle to resist.
You aren't carrying any potions.
As you read the scroll labelled FUFUEFEPPU, it crumbles to dust.
You feel aware of your surroundings.
It was a scroll of magic mapping.
The black bear closely misses you. x2
The black bear claws you but does no damage.
As you read the scroll labelled DAT ZUAHIARE, it crumbles to dust.
You feel strangely unstable.
It was a scroll of teleportation.
You block the black bear's attack. The black bear misses you.
The black bear claws you but does no damage.
You block the orc's attack.
The black bear attacks as you move away!
The black bear bites you.
* * * LOW HITPOINT WARNING * * *
The black bear claws you.
* * * LOW HITPOINT WARNING * * *
You block the black bear's attack.
The black bear attacks as you move away!
The black bear bites you.
You die...

*,**,,,,* #.# *..PP.#
,,****,,***##.###.._..#
*** *,,,,,,......PP..#
*..#####.##......#
*****........##.#...#*
*,,,,,****#.....5...#
*,***,* ##.##o###.# *,*
*,* ##.##h# *,* *,* *,*
##...#@# *,* *,*
#.####......# *,* **,*
#...........# *,* ,*,*
######.....###*,* ,*,*
#.#...#...,,*
,*,#######......###***
,,,.............#
***########.....#
##..†.#


You could see Grinder, a black bear and an orc.

Vanquished Creatures
  A black bear (D:4)
  A phantom (D:4)
  Ijyb (D:3)
  Terence (D:3)
  A dart slug (D:3)
  An orc (D:3)
  2 endoplasms
  2 giant cockroaches (D:4)
  A goblin (D:3)
  2 hobgoblins (D:3)
  2 kobolds (D:3)
  4 ball pythons
  A frilled lizard (D:3)
  2 rats (D:2)
22 creatures vanquished.

Vanquished Creatures (others)
  55 foxfires
55 creatures vanquished.

Grand Total: 77 creatures vanquished

Notes
Turn   | Place    | Note
-------+----------+-------------------------------------------
     0 | D:1      | hawla the Meteoran Fire Elementalist began the quest for
                  | the Orb.
     0 | D:1      | Reached XP level 1. HP: 14/14 MP: 5/5
   100 | D:4      | Reached XP level 2. HP: 20/20 MP: 4/6
   155 | D:4      | Noticed Sigmund
   193 | D:3      | Noticed Ijyb
   225 | D:3      | Killed Ijyb
   226 | D:3      | Reached XP level 3. HP: 26/26 MP: 1/8
   226 | D:3      | Reached XP level 4. HP: 33/33 MP: 1/9
   229 | D:3      | Learned a level 2 spell: Scorch
   281 | D:3      | Noticed Terence
   285 | D:3      | Killed Terence
   286 | D:3      | Reached skill level 5 in Fire Magic
   360 | D:3      | Learned a level 4 spell: Flame Wave
   559 | D:4      | Noticed a phantom
   566 | D:4      | Killed a phantom
   567 | D:4      | Reached XP level 5. HP: 31/38 MP: 2/11
   634 | D:4      | Found a bloodstained altar of Trog.
   636 | D:4      | Noticed a black bear
   637 | D:4      | Noticed a black bear
   639 | D:4      | Noticed Grinder
   642 | D:4      | Killed a black bear
   643 | D:4      | Reached skill level 5 in Conjurations
   643 | D:4      | Reached skill level 1 in Evocations
   643 | D:4      | Reached XP level 6. HP: 16/45 MP: 3/12
   648 | D:4      | HP: 1/45 [black bear (2)]
   649 | D:4      | Slain by a black bear

Illustrated notes

Levels and vault maps discovered:
D:1:      evilmike_arrival_hilbert_curve, layout_basic, serial_shops, shop
D:2:      layout_basic, dreamdust_ecumenical_altar_statues, minmay_vboxes
D:3:      layout_basic, gammafunk_ghost_mausoleum, uniq_terence, uniq_ijyb
D:4:      layout_loops_ring, trog_ov_bears_minmay, minmay_temple_entry_grid,
          hangedman_abyss_or_decor_passed, uniq_grinder, uniq_sigmund

Skill      XL: |  1  2  3  4  5 |
---------------+----------------+-----
Fire Magic     | 4 5 |  5.0
Spellcasting   | 3 |  3.5
Conjurations   | 4 5 |  5.0
Evocations     | 1 |  1.8
Dodging        | |  2.7
Stealth        | |  1.4

Action                     |  1- 3 |  4- 6 || total
---------------------------+-------+-------++-------
  Melee: Unarmed           |    18 |       ||    18
         Punch             |     1 |       ||     1
         Flail             |       |     7 ||     7
   Cast: Foxfire           |    29 |     3 ||    32
         Scorch            |       |    11 ||    11
         Flame Wave        |       |     1 ||     1
    Use: Potion            |     2 |       ||     2
         Scroll            |       |     3 ||     3
 Armour: Skin              |    15 |       ||    15
         Robe              |       |     2 ||     2
  Dodge: Dodged            |     4 |    10 ||    14
  Block: Other             |       |     8 ||     8
